Map: Catalyst LE

Players

ShoWTimE - Winner!

  • Race: Protoss Protoss
  • Spawn Location: 5:00

Serral

  • Race: Zerg Zerg
  • Spawn Location: 11:00

Event: WCS Leipzig 2018

VOD

Have the link to the VOD?

Description

Time

  • Played on: Jan. 28, 2018, 9:42 a.m.
  • Length: 14:50

All games in this series

Show
View Real Time Build Order
Export as new Build Order

ShoWTimE Protoss - Winner!

Build Orders: 1 Gate Expand, Oracle Opening, Phoenix Opening, Zealot Archon 

Get SALT Encoding   

  12  0:00  Probe  
  13  0:12  Probe  
  14  0:18  Pylon  
  14  0:24  Probe  
  15  0:36  Probe (Chrono Boost)  
  16  0:44  Gateway  
  16  0:46  Probe (Chrono Boost)  
  16  0:47  Assimilator  
  17  0:51  Probe (Chrono Boost)  
  18  1:03  Probe  
  19  1:15  Probe  
  20  1:25  Nexus  
  20  1:35  Cybernetics Core  
  20  1:39  Probe  
  21  1:44  Assimilator  
  21  1:51  Probe  
  21  1:53  Pylon  
  22  2:03  Probe  
  23  2:10  Adept (Chrono Boost)  
  23  2:15  Probe  
  26  2:18  Stargate  
  26  2:24  Warp Gate  
  26  2:27  Probe (Chrono Boost)  
  27  2:33  Stalker  
  29  2:37  Probe (Chrono Boost)  
  31  2:46  Probe (Chrono Boost)  
  31  2:47  Probe (Chrono Boost)  
  32  2:52  Probe (Chrono Boost)  
  32  2:53  Probe (Chrono Boost)  
  34  2:59  Oracle (Chrono Boost)  
  34  3:04  Probe x2  
  39  3:16  Probe x2, Pylon  
  41  3:21  Gateway  
  40  3:27  Phoenix (Chrono Boost)  
  40  3:29  Probe  
  40  3:31  Probe  
  44  3:35  Adept (Chrono Boost)  
  44  3:40  Shield Battery  
  46  3:41  Probe  
  48  3:54  Pylon  
  47  3:58  Adept (Chrono Boost), Gateway  
  49  4:03  Probe x2  
  49  4:08  Oracle  
  54  4:14  Pylon  
  54  4:17  Probe  
  54  4:23  Twilight Council  
  54  4:27  Probe, Pylon  
  54  4:28  Adept  
  54  4:30  Adept  
  59  4:39  Cybernetics Core  
  59  4:40  Probe  
  59  4:41  Probe  
  59  4:42  Assimilator  
  61  4:47  Assimilator  
  61  4:52  Probe  
  62  4:53  Probe  
  62  4:57  Gateway  
  63  5:01  Templar Archives  
  63  5:09  Zealot x3  
  69  5:21  Charge (Chrono Boost)  
  69  5:26  Pylon  
  69  5:27  Pylon  
  69  5:29  Probe x2  
  71  5:38  Pylon  
  71  5:50  Robotics Facility  
  71  5:53  High Templar x2  
  71  5:54  Zealot x2  
  79  5:57  Archon  
  79  6:03  Nexus  
  79  6:04  Pylon  
  79  6:11  Nexus  
  79  6:14  Pylon  
  79  6:19  High Templar  
  79  6:20  High Templar  
  79  6:24  Probe x2, Archon  
  85  6:26  Pylon  
  85  6:28  Zealot x2  
  89  6:34  Forge  
  89  6:36  Probe x2  
  89  6:39  Observer  
  92  6:48  Probe x2  
  92  6:52  Zealot x3  
  100  7:00  Probe x2  
  102  7:07  Zealot  
  102  7:08  Warp Prism  
  104  7:12  Probe x2  
  104  7:14  Protoss Ground Weapons Level 1 (Chrono Boost)  
  76  7:23  Probe  
  76  7:24  Probe x2  
  76  7:28  High Templar x2, Gateway  
  83  7:30  Gateway  
  83  7:33  Archon  
  83  7:34  Zealot  
  83  7:35  Probe  
  83  7:36  Probe x2  
  88  7:47  Zealot  
  88  7:48  Probe x3  
  88  7:50  Immortal (Chrono Boost)  
  97  7:55  Zealot, Pylon  
  91  8:02  Gateway  
  91  8:03  Zealot, Gateway  
  85  8:09  Zealot x2  
  74  8:24  High Templar x3  
  74  8:25  High Templar  
  81  8:30  Archon x2  
  81  8:32  Zealot x2  
  85  8:35  Immortal  
  78  8:53  Protoss Ground Weapons Level 2 (Chrono Boost)  
  78  8:54  Zealot x2  
  82  9:09  High Templar x2  
  86  9:10  Zealot  
  86  9:13  Archon  
  86  9:15  Psionic Storm  
  88  9:17  Nexus  
  88  9:18  Zealot x3  
  88  9:21  Pylon  
  94  9:41  Zealot x3  
  94  9:43  Nexus, Pylon  
  100  9:52  Pylon  
  100  9:54  Shield Battery  
  100  9:55  High Templar  
  100  9:56  High Templar  
  104  10:00  High Templar  
  106  10:07  Assimilator  
  106  10:11  Assimilator  
  106  10:19  High Templar  
  108  10:24  Nexus  
  108  10:25  Pylon  
  108  10:26  Immortal (Chrono Boost)  
  108  10:35  Robotics Facility  
  112  10:37  Observer  
  112  10:43  Photon Cannon  
  112  10:44  Photon Cannon  
  112  10:52  Photon Cannon x2  
  112  11:02  Pylon  
  112  11:03  Immortal (Chrono Boost)  
  116  11:06  Protoss Ground Weapons Level 3 (Chrono Boost)  
  116  11:15  Probe x3  
  119  11:22  Immortal (Chrono Boost)  
  123  11:27  Probe  
  124  11:34  High Templar x2  
  124  11:38  Probe x2, Photon Cannon  
  124  11:39  Probe  
  132  11:40  Probe  
  132  11:50  Probe  
  132  11:52  Probe x2  
  135  11:56  Photon Cannon  
  135  11:57  Shield Battery  
  135  11:59  Assimilator  
  135  12:03  Assimilator, Immortal  
  139  12:11  Photon Cannon  
  139  12:12  Shield Battery  
  139  12:20  High Templar x3  
  139  12:21  High Templar  
  147  12:25  Archon x2  
  151  12:30  Immortal (Chrono Boost)  
  151  12:36  Pylon  
  151  12:38  Pylon  
  151  12:42  Immortal (Chrono Boost)  
  149  13:00  High Templar x2, Zealot x6  
  167  13:08  Pylon  
  167  13:10  Immortal x2 (Chrono Boost)  
  170  13:21  Sentry, Zealot x4  
  170  13:24  Zealot  
  182  13:41  Archon  
  156  13:42  Zealot x6, Immortal  
  156  13:46  Observer  
  163  13:51  High Templar x2  
  163  13:55  Archon  
  163  14:07  Gateway, Immortal  
  163  14:09  Gateway  
  167  14:12  High Templar x6  
  167  14:16  Archon x2  
  179  14:17  Archon  
  147  14:44  Archon  
  135  14:46  Archon  
Show
View Real Time Build Order
Export as new Build Order

Serral Zerg 

Build Orders: Hatch First, Lurkers 

Get SALT Encoding   

  12  0:00  Drone  
  13  0:12  Overlord  
  13  0:17  Drone  
  14  0:31  Drone x2  
  14  0:35  Drone  
  17  0:52  Hatchery  
  17  0:55  Drone  
  17  0:58  Drone  
  17  1:01  Extractor  
  17  1:14  Spawning Pool  
  17  1:17  Drone  
  17  1:20  Drone  
  18  1:29  Drone  
  19  1:38  Overlord  
  19  1:51  Drone  
  20  2:00  Queen  
  23  2:01  Zergling x2, Metabolic Boost  
  23  2:05  Queen  
  25  2:09  Zergling x2  
  25  2:14  Drone  
  27  2:16  Drone  
  27  2:21  Drone  
  29  2:26  Drone  
  30  2:38  Hatchery  
  29  2:44  Overlord  
  29  2:47  Zergling x4  
  29  2:50  Zergling x2  
  32  2:54  Zergling x2  
  33  3:00  Zergling x2  
  33  3:05  Zergling x2, Evolution Chamber  
  35  3:11  Zergling x8  
  38  3:19  Zergling x8  
  41  3:28  Overlord  
  41  3:34  Zergling x2  
  41  3:38  Zergling x2  
  41  3:39  Zergling x2  
  42  3:43  Zergling x4  
  42  3:45  Zergling x2  
  44  3:54  Zergling x2  
  45  4:00  Zergling x4  
  45  4:01  Zergling x2  
  45  4:03  Zergling x4  
  45  4:04  Zergling x2  
  45  4:05  Zergling x2  
  48  4:15  Overlord  
  44  4:22  Overlord  
  44  4:24  Drone  
  42  4:28  Overlord  
  41  4:33  Drone x3, Queen  
  41  4:35  Drone  
  46  4:39  Drone x2  
  46  4:44  Spore Crawler  
  47  4:50  Spore Crawler  
  46  4:55  Spore Crawler  
  46  4:56  Drone  
  46  5:00  Drone  
  46  5:06  Zerg Melee Weapons Level 1  
  47  5:07  Drone x2  
  47  5:11  Drone  
  47  5:12  Drone  
  50  5:15  Drone  
  50  5:16  Drone  
  50  5:19  Drone  
  47  5:22  Drone  
  47  5:23  Drone  
  47  5:27  Drone  
  50  5:29  Drone  
  50  5:32  Drone  
  50  5:34  Drone  
  50  5:35  Drone  
  54  5:40  Queen  
  56  5:47  Queen  
  57  5:51  Overlord  
  57  6:00  Overlord  
  57  6:01  Overlord  
  57  6:11  Pneumatized Carapace  
  54  6:16  Overlord, Queen  
  56  6:22  Queen  
  58  6:32  Zergling x24  
  70  6:37  Zergling x6  
  73  6:41  Zergling x6  
  73  6:44  Zergling x4  
  77  6:51  Zergling x8  
  81  6:58  Zergling x10  
  82  7:07  Zergling x10  
  82  7:08  Zergling x2  
  75  7:10  Zergling x2  
  75  7:11  Zergling x2  
  75  7:13  Zergling x2  
  75  7:14  Zergling x2  
  66  7:17  Zergling x2  
  66  7:18  Zergling x2  
  66  7:21  Zergling x4  
  67  7:24  Zergling x2  
  68  7:31  Queen x2  
  72  7:40  Zergling x10  
  77  7:47  Zergling x2  
  77  7:54  Zergling x4  
  69  7:58  Zergling x8  
  70  8:07  Zergling x6  
  73  8:12  Roach Warren  
  73  8:15  Zergling x10  
  75  8:23  Zerg Missile Weapons Level 1  
  66  8:45  Drone x15  
  66  8:47  Lair  
  66  8:48  Extractor  
  75  8:49  Extractor  
  72  8:57  Roach x3  
  72  9:02  Roach x3  
  79  9:08  Queen  
  79  9:12  Roach  
  81  9:17  Overlord x3  
  81  9:19  Overlord  
  80  9:30  Drone x2, Extractor  
  80  9:31  Drone x4  
  81  9:33  Overlord  
  81  9:34  Overlord  
  81  9:38  Roach  
  84  9:46  Hatchery  
  84  9:49  Glial Reconstitution  
  83  9:53  Roach x2  
  92  10:00  Roach x3  
  92  10:07  Roach x3  
  98  10:17  Hydralisk Den, Zerg Missile Weapons Level 2  
  98  10:19  Drone x5  
  102  10:21  Extractor  
  102  10:23  Extractor  
  102  10:26  Zergling x8  
  101  10:33  Zergling x8  
  105  10:39  Drone x3  
  108  10:47  Drone x4  
  108  10:48  Lurker Den  
  111  10:58  Drone x5  
  111  11:01  Overseer  
  111  11:03  Spore Crawler  
  115  11:08  Overlord  
  115  11:10  Hydralisk x2  
  119  11:15  Drone x2  
  121  11:19  Hydralisk x3  
  121  11:25  Overlord  
  127  11:27  Hydralisk  
  127  11:28  Hydralisk  
  127  11:35  Overlord  
  127  11:37  Drone  
  127  11:38  Drone  
  127  11:39  Hydralisk x3  
  135  11:49  Hydralisk x5  
  145  11:57  Hydralisk  
  145  11:58  Drone x2  
  145  11:59  Drone  
  145  12:00  Overlord  
  148  12:07  Muscular Augments  
  148  12:10  Hydralisk x2  
  148  12:11  Zergling x2  
  148  12:12  Zergling x12  
  159  12:17  Overlord  
  159  12:18  Overlord x2  
  159  12:20  Lurker  
  159  12:22  Lurker x5  
  164  12:24  Lurker  
  164  12:25  Lurker  
  166  12:34  Overlord x3  
  166  12:37  Hatchery  
  164  12:45  Hydralisk x2  
  164  12:46  Hydralisk x2  
  164  12:51  Zergling x12  
  173  13:07  Roach x9  
  187  13:21  Hydralisk x6  
  187  13:23  Overseer  
  196  13:41  Hydralisk x8  
  162  13:42  Zergling x4  
  162  13:48  Drone x6  
  153  13:53  Hydralisk x2  
  153  13:54  Roach  
  157  14:04  Hydralisk x2  
  157  14:05  Roach x4  
  169  14:15  Zergling x12  
  169  14:16  Zergling x8  
  179  14:19  Zergling x6  
  181  14:27  Zergling x6  
  181  14:28  Zergling x10  
Tags
 
Add a new tag
Caveats
  • Supply blocks, unpowered buildings, or Contaminate may cause inaccurate times.
  • Supply counts are checked every 10 seconds.